 Dungeon Crawl Stone Soup version 0.30-a0-721-ga6a225cb13 (webtiles) character file.

Game seed: 16349900771526295696

61378 Flugkiller the Destroyer (level 15, -2/99 HPs)
             Began as an Octopode Fire Elementalist on Jan 27, 2023.
             Was a High Priest of Vehumet.
             Slain by Agnes
             ... wielding a +2 lajatang of speed
              (14 damage)
             ... on level 14 of the Dungeon.
             The game lasted 00:50:50 (24312 turns).

Flugkiller the Destroyer (OpFE)                    Turns: 24312, Time: 00:50:51

Health: -2/99      AC:  5    Str:  7    XL:     15   Next: 2%
Magic:  3/29       EV: 35    Int: 24    God:    Vehumet [*****.]
Gold:   843        SH:  6    Dex: 37    Spells: 18/34 levels left

rFire   + . .      SeeInvis .    R - +12 broad axe "Pezyrgh" {freeze, Dex+5}
rCold   . . .      Faith    .    G - +0 buckler
rNeg    + + .      Spirit   .    (helmet restricted)
rPois   .          Reflect  .    Q - amulet of regeneration
rElec   .          Harm     .    e - +6 ring of dexterity
rCorr   .          Rampage  .    l - +6 ring of dexterity
Will    +....                    p - ring of protection from fire
Stlth   ++++++                   W - ring of wizardry
HPRegen 1.16/turn                v - +5 ring of evasion
MPRegen 0.21/turn                f - ring of protection from fire
                                 S - ring "Nyokhleex" {rF- rN++ AC+4}
                                 X - +6 ring of dexterity

@: no status effects
A: almost no armour, amphibious, 8 rings, camouflage 1, gelatinous body 1,
nimble swimmer 1, tentacles
a: Renounce Religion


You were on level 14 of the Dungeon.
You worshipped Vehumet.
Vehumet was extremely pleased with you.
You visited 2 branches of the dungeon, and saw 19 of its levels.
You also visited: Ossuary.

You collected 1341 gold pieces.
You spent 498 gold pieces at shops.

Inventory:

Hand Weapons
 R - the +12 broad axe "Pezyrgh" (weapon) {freeze, Dex+5}
   (You bought it in a shop on level 7 of the Dungeon)

   Dex:       It affects your dexterity (+5).
 T - the +9 mace "Iveusune" {distort, rElec rC+ Dex+4 Stlth-}
   (You found it on level 11 of the Dungeon)

   Dex:       It affects your dexterity (+4).
   rC:        It protects you from cold.
   rElec:     It insulates you from electricity.
   Stlth:     It makes you less stealthy.
Missiles
 g - 44 poisoned darts
 E - 5 curare-tipped darts (quivered)
 P - 2 throwing nets
Armour
 G - a +0 buckler (worn)
   (You took it off a spriggan on level 5 of the Lair of Beasts)
Jewellery
 e - a +6 ring of dexterity (left tentacle)
   (You found it on level 5 of the Lair of Beasts)
 f - a ring of protection from fire (on tentacle)
   (You found it on level 10 of the Dungeon)
 k - a ring of willpower
   (You found it on level 12 of the Dungeon)
 l - a +6 ring of dexterity (right tentacle)
   (You found it on level 2 of the Dungeon)
 m - a ring of willpower
   (You found it on level 1 of the Dungeon)
 p - a ring of protection from fire (on tentacle)
   (You found it on level 3 of the Dungeon)
 u - an amulet of guardian spirit
   (You found it on level 4 of the Dungeon)
 v - a +5 ring of evasion (on tentacle)
   (You found it on level 10 of the Dungeon)
 L - a ring of ice
   (You found it on level 10 of the Dungeon)
 Q - an amulet of regeneration (around mantle)
   (You bought it in a shop on level 4 of the Dungeon)
 S - the ring "Nyokhleex" (on tentacle) {rF- rN++ AC+4}
   (You found it on level 11 of the Dungeon)

   [ring of protection]

   AC:        It affects your AC (+4).
   rF:        It makes you vulnerable to fire.
   rN:        It greatly protects you from negative energy.
 V - an amulet of faith
   (You found it on level 11 of the Dungeon)
 W - a ring of wizardry (on tentacle)
   (You found it on level 1 of the Lair of Beasts)
 X - a +6 ring of dexterity (on tentacle)
   (You found it on level 11 of the Dungeon)
Wands
 c - a wand of quicksilver (10)
   (You found it on level 3 of the Dungeon)
 o - a wand of iceblast (3)
   (You found it on level 3 of the Dungeon)
 A - a wand of polymorph (11)
   (You took it off an orc on level 6 of the Dungeon)
 I - a wand of paralysis (9)
   (You found it on level 8 of the Dungeon)
Scrolls
 b - 4 scrolls of enchant armour
 n - 4 scrolls of fog
 r - a scroll of identify
 t - a scroll of brand weapon
 x - 8 scrolls of magic mapping
 y - 2 scrolls of acquirement
 z - a scroll of blinking
 B - 4 scrolls of amnesia
 C - 5 scrolls of vulnerability
 D - a scroll of enchant weapon
 F - a scroll of butterflies
 U - a scroll of immolation
 Y - 2 scrolls of poison
Potions
 a - 3 potions of magic
 d - 3 potions of might
 h - 5 potions of haste
 i - 4 potions of flight
 j - 5 potions of brilliance
 q - 6 potions of curing
 s - 2 potions of lignification
 w - 8 potions of heal wounds
 H - 8 potions of attraction
 M - 5 potions of ambrosia
 N - 5 potions of mutation
 O - a potion of invisibility
Miscellaneous
 K - a phial of floods (inert)
   (You found it on level 9 of the Dungeon)


   Skills:
 - Level 8.0 Fighting
 + Level 12.9 Dodging
 - Level 4.0 Stealth
 - Level 10.0 Spellcasting
 + Level 13.5 Conjurations
 - Level 1.0 Hexes
 - Level 1.0 Translocations
 + Level 11.9 Fire Magic
 - Level 1.0 Air Magic
 - Level 5.0 Earth Magic
 - Level 4.0 Evocations


You had 18 spell levels left.
You knew the following spells:

 Your Spells              Type           Power      Damage    Failure   Level
a - Foxfire               Conj/Fire      100%       2x1d9     1%          1
b - Scorch                Fire           100%       2d10      1%          2
c - Inner Flame           Hex/Fire       43%        N/A       1%          3
d - Kindle Blastsparks    Fire/Tloc/Air  68%        2d15      1%          3
e - Flame Wave            Conj/Fire      65%        2d15      1%          4
f - Stone Arrow           Conj/Erth      100%       3d13      1%          3

Your spell library contained the following spells:

 Spells                   Type           Power      Damage    Failure   Level
 Sticky Flame             Conj/Fire      65%        2d8       1%          4
 Apportation              Tloc           32%        N/A       1%          1
 Magic Dart               Conj           100%       1d8       1%          1
 Searing Ray              Conj           100%       2d8       1%          2
 Mephitic Cloud           Conj/Pois/Air  35%        N/A       1%          3
 Fulminant Prism          Conj/Hex       23%        3d12      1%          4
 Call Imp                 Summ           12%        N/A       4%          2
 Alistair's Intoxication  Tmut/Pois      8%         N/A       58%         5
 Lehudib's Crystal Spear  Conj/Erth      27%        10d7      65%         8
 Animate Armour           Summ/Erth      Unusable   N/A       N/A         4

Dungeon Overview and Level Annotations

Branches:
Dungeon (14/15) Zot: 26559  Temple (0/1) D:5            Lair (5/5) D:11 Zot: 23137
 Shoals (0/4) Lair:2       Spider (0/4) Lair:3        Slime (0/5) Lair:4
    Orc (0/2) D:11         Vaults (0/5) D:13        Ossuary (visited)

Altars:
Dithmenos
Gozag
Kikubaaqudgha
Makhleb
Qazlal
Ru
Sif Muna
Uskayaw
Vehumet
Xom
Jiyva

Shops:
D:4 *   D:7 (

Annotations:
D:3 3 runed translucent doors, emiel's ghost, amateur BaWn
D:7 1 runed translucent door, Crazy Yiuf
D:14 Agnes; Louise
Lair:4 2 transporters


Innate Abilities, Weirdness & Mutations

You cannot wear most types of armour.
You are amphibious.
You can wear up to eight rings at the same time.
Your skin changes colour to match your surroundings (Stealth+).
Your rubbery body absorbs attacks. (AC +1, EV +1)
You are camouflaged when in or above water. (Stealth+)
You have tentacles for arms and can constrict up to eight enemies at once.


Message History

The slime creature is moderately wounded.
Casting: Stone Arrow (safe; 1% risk of failure)
Confirm with . or Enter, or press ? or * to list all spells.
Aiming: Stone Arrow (safe; 1% risk of failure)
Press: ? - help, Shift-Dir - straight line, f/p - slime creature
Aim: a slime creature (moderately wounded, 95% to hit)
The stone arrow hits the slime creature!!
The slime creature is heavily wounded.
Casting: Stone Arrow (safe; 1% risk of failure)
Confirm with . or Enter, or press ? or * to list all spells.
Aiming: Stone Arrow (safe; 1% risk of failure)
Press: ? - help, Shift-Dir - straight line, f/p - slime creature
Aim: a slime creature (heavily wounded, 95% to hit)
The stone arrow hits the slime creature!
The slime creature is severely wounded.
Agnes bows.
You block the slime creature's attack.
Casting: Stone Arrow (safe; 1% risk of failure)
Confirm with . or Enter, or press ? or * to list all spells.
Aiming: Stone Arrow (safe; 1% risk of failure)
Press: ? - help, Shift-Dir - straight line, f/p - slime creature
Aim: a slime creature (severely wounded, 95% to hit)
The stone arrow hits the slime creature!
You kill the slime creature!
Vehumet accepts your kill.
You feel your power returning.
Okay, then.
Okay, then.
Unknown command.
Casting: Stone Arrow (safe; 1% risk of failure)
Confirm with . or Enter, or press ? or * to list all spells.
A cloud of volatile blastsparks flares up around you!
Agnes completely misses you. Agnes attacks as you move away!
Agnes completely misses you.
The cloud of blastsparks explodes!
The concussive blast engulfs Agnes!
Agnes resists.
Agnes is lightly wounded.
The concussive blast engulfs you! You resist.
You are knocked back by the blast.
Casting: Kindle Blastsparks (safe; 1% risk of failure)
Confirm with . or Enter, or press ? or * to list all spells.
Flames lash Agnes.
Agnes resists.
Agnes is lightly wounded.
Agnes's fire resistance burns away.
You block Agnes's attack. Agnes misses you.
Casting: Scorch (safe; 1% risk of failure)
Confirm with . or Enter, or press ? or * to list all spells.
Flames lash Agnes.
Agnes is lightly wounded.
You block Agnes's attack. Agnes misses you. You block Agnes's attack.
Casting: Scorch (safe; 1% risk of failure)
Confirm with . or Enter, or press ? or * to list all spells.
Flames lash Agnes.
Agnes is moderately wounded.
Agnes misses you. Agnes closely misses you.
Casting: Scorch (safe; 1% risk of failure)
Confirm with . or Enter, or press ? or * to list all spells.
Flames lash Agnes.
Agnes is moderately wounded.
Agnes hits you with a +2 lajatang of speed!! x2
Agnes misses you.
Aim the phial where?
Press: ? - help, Shift-Dir - straight line, f - Agnes
Aim: Agnes, wielding a +2 lajatang of speed and wearing a +2 robe of fire resistance (moderately wounded, more vulnerable to fire)
The torrent of water misses Agnes.
The wave splashes down.
Floosh!
You fall into the shallow water.
Agnes is engulfed in water.
Agnes completely misses you. You block Agnes's attack. x2
Okay, then.
You feel much better. You block Agnes's attack.
Agnes hits you with a +2 lajatang of speed!!
You feel much better. You block Agnes's attack. Agnes completely misses you.
You block Agnes's attack.
Casting: Scorch (safe; 1% risk of failure)
Confirm with . or Enter, or press ? or * to list all spells.
Flames lash Agnes.
Agnes is moderately wounded.
Agnes is engulfed in a cloud of scalding steam.
Agnes hits you with a +2 lajatang of speed!!
Agnes is engulfed in a cloud of scalding steam.
Agnes splashes around in the water.
Agnes is engulfed in a cloud of scalding steam.
Agnes completely misses you.
Okay, then.
Aiming: Iceblast
Press: ? - help, Shift-Dir - straight line, p - Agnes The mass of ice explodes!
The iceblast engulfs Agnes!!
Agnes is severely wounded.
Agnes is engulfed in a cloud of scalding steam.
Agnes splashes around in the water.
Agnes is engulfed in a cloud of scalding steam.
Agnes hits you with a +2 lajatang of speed!!!
* * * LOW HITPOINT WARNING * * *
You feel much better.
Agnes is engulfed in a cloud of scalding steam.
Agnes hits you with a +2 lajatang of speed!!
* * * LOW HITPOINT WARNING * * *
Agnes closely misses you.
Agnes is engulfed in a cloud of scalding steam.
Agnes hits you with a +2 lajatang of speed!
You die...

#################################
.................................
.(......#...###.............#....
...)....#...# #..................
........#...# #..................
........#...# #.......###........
.###....#...# #.~.##..# #........
.###........###~@§##..###........
.........<.....~i§...............
####'######...~§§###############.
..........#.####.#.............#.
..........#.# #.#.............+.
..........#.# #.#.............#.
.##########.# #.#.............#.
.##########.# #.#.............#.
..........#.# #.#.............'.


You could see Agnes (combustible, waterlogged).

Vanquished Creatures
  Azrael (D:13)
  A great orb of eyes (shapeshifter) (D:13)
  4 hydras
  A catoblepas (Lair:1)
  4 centaur warriors
  An ice dragon (D:13)
  4 two-headed ogres
  A tengu warrior (D:13)
  A shadow wraith (D:13)
  An orb spider (Lair:3)
  2 deep elf pyromancers (D:13)
  3 manticores (D:13)
  3 cyclopes (D:12)
  10 elephants
  4 ugly things
  Maurice (D:11)
  6 black mambas
  An eye of devastation (Lair:4)
  12 cane toads
  A cane toad (shapeshifter) (D:13)
  8 komodo dragons
  3 kobold demonologists
  An efreet (D:14)
  A rime drake (Lair:5)
  5 polar bears
  A meliai (D:13)
  7 hornets
  7 trolls
  28 dream sheep
  9 blink frogs
  8 slime creatures
  14 spriggans (Lair:5)
  A culicivora (shapeshifter) (D:13)
  A wraith (D:12)
  2 shadows
  A vampire (D:10)
  2 basilisks
  41 yaks
  4 wyverns
  A fire elemental (D:13)
  Eustachio (D:6)
  A steam dragon (Lair:2)
  Menkaure (D:6)
  An acid dragon (D:10)
  Duvessa (D:6)
  4 hell hounds
  3 orc warriors
  18 water moccasins
  A floating eye (Lair:4)
  7 black bears
  An ice beast (D:6)
  28 wolves
  3 boggarts (Lair:5)
  2 centaurs
  A phantom (D:5)
  3 kobold brigands
  10 bullfrogs
  A necrophage (D:6)
  A gnoll sergeant (D:10)
  6 scorpions
  A wyvern zombie (Ossuary)
  7 wights
  Dowan (D:6)
  7 killer bees (D:7)
  2 vampire bats (D:8)
  2 howler monkeys
  4 crimson imps (D:10)
  A jelly (D:6)
  A bullfrog zombie (Ossuary)
  4 hounds
  A gnoll bouda (D:6)
  4 orc priests
  11 orc wizards
  2 iguanas (D:5)
  Ijyb (D:4)
  3 mummies
  10 gnolls
  9 adders
  3 white imps
  6 worms (D:5)
  2 dart slugs
  35 orcs
  8 ball pythons
  4 bats
  4 bat skeletons (D:8)
  A bat zombie (D:8)
  9 endoplasms
  2 giant cockroaches
  7 goblins
  4 hobgoblins
  3 jackals (D:1)
  28 kobolds
  3 quokkas
  3 frilled lizards
  4 rats
  A butterfly (Lair:5)
499 creatures vanquished.

Vanquished Creatures (collateral kills)
  3 foxfires
3 creatures vanquished.

Vanquished Creatures (others)
  984 foxfires
  51 fungi
  101 plants
1136 creatures vanquished.

Grand Total: 1638 creatures vanquished

Notes
Turn   | Place    | Note
-------+----------+-------------------------------------------
     0 | D:1      | Flugkiller the Octopode Fire Elementalist began the quest
                  | for the Orb.
     0 | D:1      | Reached XP level 1. HP: 11/11 MP: 3/3
    85 | D:1      | Reached skill level 2 in Conjurations
    85 | D:1      | Reached XP level 2. HP: 15/17 MP: 0/5
   523 | D:1      | Reached XP level 3. HP: 11/21 MP: 4/7
  1500 | D:2      | Reached skill level 1 in Fighting
  1768 | D:2      | Reached XP level 4. HP: 28/28 MP: 4/8
  2233 | D:3      | Noticed a black bear
  2241 | D:3      | Killed a black bear
  2242 | D:3      | Reached XP level 5. HP: 34/34 MP: 0/9
  2319 | D:3      | Learned a level 2 spell: Scorch
  2597 | D:3      | Found a sacrificial altar of Ru.
  2787 | D:3      | Found a runed translucent gate.
  2787 | D:3      | Found a runed translucent gate.
  2787 | D:3      | Found a runed translucent gate.
  2787 | D:3      | Noticed emiel's ghost (amateur BaWn)
  2914 | D:3      | Became a worshipper of Ru the Awakened
  2954 | D:4      | Reached XP level 6. HP: 39/39 MP: 5/10
  3107 | D:4      | Noticed Ijyb
  3110 | D:4      | Killed Ijyb
  3111 | D:4      | Reached skill level 5 in Fire Magic
  3132 | D:4      | Found a radiant altar of Vehumet.
  3145 | D:4      | Fell from the grace of Ru
  3145 | D:4      | Became a worshipper of Vehumet
  3533 | D:4      | Reached skill level 1 in Evocations
  4023 | D:4      | Found Habajeik's Neck Hole.
  4153 | D:5      | Entered Level 5 of the Dungeon
  4179 | D:5      | Found a staircase to the Ecumenical Temple.
  4222 | D:5      | Found a sand-covered staircase.
  4285 | Ossuary  | Entered an ossuary
  4302 | Ossuary  | Reached XP level 7. HP: 43/45 MP: 8/12
  4415 | D:5      | Reached * piety under Vehumet
  4415 | D:5      | Offered knowledge of Kiss of Death by Vehumet.
  4470 | D:5      | Found an opulent altar of Gozag.
  4813 | D:4      | Learned a level 3 spell: Inner Flame
  5538 | D:5      | Reached skill level 5 in Spellcasting
  5538 | D:5      | Reached XP level 8. HP: 31/50 MP: 8/15
  5680 | D:5      | Learned a level 3 spell: Kindle Blastsparks
  5685 | D:5      | Learned a level 4 spell: Flame Wave
  5773 | D:6      | Noticed Duvessa
  5774 | D:6      | Noticed Dowan
  5777 | D:6      | Killed Duvessa
  5793 | D:6      | Reached skill level 1 in Hexes
  5793 | D:6      | Reached skill level 1 in Translocations
  5793 | D:6      | Reached skill level 1 in Air Magic
  5796 | D:6      | Offered knowledge of Shock by Vehumet.
  5800 | D:6      | Reached ** piety under Vehumet
  5813 | D:6      | Killed Dowan
  5846 | D:6      | Reached skill level 3 in Conjurations
  6056 | D:6      | Noticed Eustachio
  6071 | D:6      | Killed Eustachio
  6072 | D:6      | Reached skill level 4 in Conjurations
  6072 | D:6      | Reached XP level 9. HP: 45/54 MP: 8/18
  6159 | D:6      | Noticed Menkaure
  6163 | D:6      | Killed Menkaure
  6452 | D:6      | Learned a level 3 spell: Stone Arrow
  6773 | D:7      | Found a runed translucent door.
  6774 | D:7      | Noticed Crazy Yiuf
  6866 | D:7      | Reached skill level 1 in Earth Magic
  7395 | D:7      | Found a shimmering blue altar of Sif Muna.
  7404 | D:7      | Offered knowledge of Searing Ray by Vehumet.
  7544 | D:7      | Found Fyzoalor's Antique Weapon Shoppe.
  7865 | D:8      | Noticed a hornet
  7875 | D:8      | Killed a hornet
  8013 | D:8      | Found a hide-covered altar of Uskayaw.
  8178 | D:8      | Noticed a two-headed ogre
  8256 | D:8      | Killed a two-headed ogre
  8257 | D:8      | Reached skill level 5 in Conjurations
  8257 | D:8      | Reached XP level 10. HP: 48/63 MP: 9/20
  8589 | D:8      | Found a stormy altar of Qazlal.
  8745 | D:8      | Found a burning altar of Makhleb.
  8994 | D:8      | Found an ancient bone altar of Kikubaaqudgha.
  9554 | D:9      | Reached *** piety under Vehumet
 10593 | D:10     | Entered Level 10 of the Dungeon
 10669 | D:10     | Found a shadowy altar of Dithmenos.
 10904 | D:10     | Noticed a kobold demonologist
 10906 | D:10     | Noticed a kobold demonologist
 10907 | D:10     | Killed a kobold demonologist
 10908 | D:10     | Reached skill level 5 in Dodging
 10908 | D:10     | Reached skill level 6 in Conjurations
 10910 | D:10     | Killed a kobold demonologist
 10911 | D:10     | Offered knowledge of Fulminant Prism by Vehumet.
 10915 | D:10     | Reached skill level 5 in Earth Magic
 11051 | D:10     | Found a shimmering altar of Xom.
 11326 | D:10     | Noticed a two-headed ogre
 11347 | D:10     | Killed a two-headed ogre
 11608 | D:10     | Reached XP level 11. HP: 70/70 MP: 18/23
 11615 | D:10     | Reached skill level 5 in Fighting
 12376 | D:7      | Bought a smoking broad axe for 198 gold pieces
 12376 | D:7      | Identified the +12 broad axe "Pezyrgh" {freeze, Dex+5} (You
                  | bought it in a shop on level 7 of the Dungeon)
 12448 | D:4      | Bought an amulet of regeneration for 300 gold pieces
 12724 | D:11     | Noticed a two-headed ogre
 12843 | D:11     | Noticed Maurice
 12847 | D:11     | Paralysed by Maurice for 2 turns
 12851 | D:11     | Killed Maurice
 12933 | D:11     | Killed a two-headed ogre
 13019 | D:11     | Noticed a two-headed ogre
 13045 | D:11     | Killed a two-headed ogre
 13104 | D:11     | Found a staircase to the Orcish Mines.
 13179 | D:11     | Reached **** piety under Vehumet
 13209 | D:11     | Identified the ring "Nyokhleex" {rF- rN++ AC+4}
 13342 | D:11     | Identified the +9 mace "Iveusune" {distort, rElec rC+ Dex+4
                  | Stlth-}
 13731 | D:11     | Found a staircase to the Lair.
 13735 | D:11     | Reached skill level 7 in Conjurations
 13735 | D:11     | Reached skill level 10 in Fire Magic
 13942 | Lair:1   | Entered Level 1 of the Lair of Beasts
 14400 | Lair:1   | Noticed a catoblepas
 14436 | Lair:1   | Killed a catoblepas
 14436 | Lair:1   | Offered knowledge of Airstrike by Vehumet.
 14437 | Lair:1   | Reached XP level 12. HP: 77/77 MP: 13/25
 14690 | Lair:1   | Identified a scroll of acquirement
 15041 | Lair:2   | You fall into a shaft and drop 1 floor!
 15091 | Lair:3   | Reached skill level 8 in Conjurations
 15096 | Lair:3   | Noticed a six-headed hydra
 15426 | Lair:2   | Reached skill level 10 in Spellcasting
 15873 | Lair:2   | Reached skill level 9 in Conjurations
 16097 | Lair:2   | Identified the +5 mace of Sercheam {flame, rC+}
 16229 | Lair:2   | Found a staircase to the Shoals.
 16338 | Lair:2   | Reached skill level 10 in Conjurations
 16564 | Lair:3   | Noticed a seven-headed hydra
 16600 | Lair:3   | Killed a seven-headed hydra
 16679 | Lair:3   | Killed a six-headed hydra
 16680 | Lair:3   | Reached skill level 11 in Conjurations
 16728 | Lair:3   | Found a hole to the Spider Nest.
 16739 | Lair:3   | Reached XP level 13. HP: 81/81 MP: 20/27
 16905 | Lair:3   | Reached skill level 12 in Conjurations
 17460 | Lair:4   | Reached ***** piety under Vehumet
 17652 | Lair:4   | Offered knowledge of Ozocubu's Refrigeration by Vehumet.
 17748 | Lair:4   | Found a staircase to the Slime Pits.
 17810 | Lair:4   | Found a viscous altar of Jiyva.
 18043 | Lair:4   | Found a transporter.
 18371 | Lair:4   | Found a transporter.
 18580 | Lair:5   | Entered Level 5 of the Lair of Beasts
 18804 | Lair:5   | Reached skill level 10 in Dodging
 19188 | Lair:5   | Reached XP level 14. HP: 94/94 MP: 13/28
 19614 | Lair:5   | Offered knowledge of Sticky Flame by Vehumet.
 21598 | D:13     | Noticed Azrael
 21709 | D:13     | Killed Azrael
 21710 | D:13     | Reached skill level 13 in Conjurations
 23457 | D:13     | Found a gate to the Vaults.
 23545 | D:13     | Paralysed by a great orb of eyes for 4 turns
 23991 | D:14     | Reached XP level 15. HP: 91/99 MP: 19/29
 24098 | D:14     | Identified the +2 tower shield "Socamaw" {+Blink Fly Dex+4}
 24098 | D:14     | Noticed Louise
 24284 | D:14     | Noticed Agnes
 24312 | D:14     | Slain by Agnes

Illustrated notes

Levels and vault maps discovered:
D:1:      dpeg_arrival_lava_altar, layout_basic, grunt_decor_cap
D:2:      layout_basic
D:3:      layout_rooms, nicolae_ru_sacrificial_ziggurat,
          ebering_ghost_rock_garden, kennysheep_generic_room_14
D:4:      layout_basic, nicolae_vehumet_altar_sigil,
          chequers_serial_rivers_micro_a, dk_noncrumbling_3,
          nicolae_shop_sticking_my_neck_out, uniq_ijyb
D:5:      layout_basic, nicolae_gozag_seed_capital, minmay_temple_entry_hall,
          gup_ossuary_entry_pyramid, eino_small_chamber_without_monster,
          st_stairs_5, nicolae_wormholes
D:6:      layout_cave_pools, uniq_menkaure, uniq_eustachio, uniq_duvessa
D:7:      layout_basic, mainiacjoe_overflow_surrounded_room, serial_shops,
          nicolae_shop_stone, moated_statue, uniq_crazy_yiuf_cottage
D:8:      layout_gridville, lemuel_coloured_pillars_altar,
          kennysheep_vampire_church, mainiacjoe_overflow_catwalk,
          lemuel_tele_altar, serial_co_window_serial, co_window_paths_a,
          co_window_paths_a, co_window_corner_a, co_window_corner_a,
          co_window_paths_a, co_window_paths_a, co_window_paths_a,
          co_window_of_opportunity_a, co_window_paths_a, co_window_broadway_a,
          co_window_2corner, co_window_broadway_c, co_window_cross_2,
          co_window_corner_b, glass_columns_b, glass_columns_a, glass_columns_a,
          glass_columns_b, glass_columns_a
D:9:      layout_basic, serial_glass, glass_columns_a, glass_columns_a
D:10:     layout_basic, led_xom_imps, grunt_dithmenos_shadows
D:11:     minmay_weird_star, layout_grid_maze, grunt_lair_entry_orc_guard_hut,
          uniq_maurice
D:12:     layout_roguey
D:13:     minmay_blocky_corners, layout_basic, david_vaults_4, uniq_azrael
D:14:     layout_stronghold, kennysheep_pointless_box, zin_academy,
          uniq_frances, uniq_snorg, uniq_louise, uniq_agnes
Lair:1:   layout_cellular_growth, st_stairs_7, minivault_26,
          chequers_serial_rivers_room_a
Lair:2:   layout_chaotic_city, elwin_shoals_entry_rocks, grunt_megastairs_2
Lair:3:   layout_loops_ring, nicolae_spider_entry_orb_guardian,
          beast_lair_carwin_1
Lair:4:   gammafunk_worm_tunnel, layout_gridlike, minmay_slime_entry_eyes,
          serial_forest, infiniplex_forest_clump_tiny,
          infiniplex_forest_clump_long, infiniplex_forest_lined_3,
          infiniplex_forest_corner_1, infiniplex_forest_end_double,
          infiniplex_forest_lined_2, infiniplex_forest_clump_curved,
          infiniplex_forest_straight_3, infiniplex_forest_zigzag_1,
          infiniplex_forest_lined_1
Lair:5:   minmay_lair_end_enchanted_forest, layout_regular_city,
          lemuel_fruit_fields, grunt_megastairs_4, lemuel_fruit_fields

Skill      XL: |  1  2  3  4  5  6  7  8  9 10 11 12 13 14 |
---------------+-------------------------------------------+-----
Conjurations   | 2 4 5 6 7 11 12 13 | 13.5
Spellcasting   | 3 5 6 8 9 10 | 10.0
Fighting       | 1 2 3 4 5 8 |  8.0
Fire Magic     | 4 5 6 7 8 10 11 | 11.9
Stealth        | 4 |  4.0
Evocations     | 2 3 4 |  4.0
Hexes          | 1 |  1.0
Translocations | 1 |  1.0
Air Magic      | 1 |  1.0
Earth Magic    | 3 5 |  5.0
Dodging        | 4 5 7 8 11 12 | 12.9

Action                     |  1- 3 |  4- 6 |  7- 9 | 10-12 | 13-15 || total
---------------------------+-------+-------+-------+-------+-------++-------
  Melee: Unarmed           |     7 |       |       |       |       ||     7
         Tentacles         |     3 |     6 |    12 |    19 |    25 ||    65
         Constrict         |     5 |     4 |    15 |    15 |    18 ||    57
         Dagger            |    18 |    16 |    19 |    23 |       ||    76
         Hand axe          |       |       |    32 |       |       ||    32
         Punch             |       |       |       |     3 |     1 ||     4
         Broad axe         |       |       |       |    41 |    91 ||   132
  Throw: Dart              |       |       |       |     2 |       ||     2
   Cast: Foxfire           |    73 |    85 |   167 |   187 |    93 ||   605
         Scorch            |       |     6 |    43 |    80 |    83 ||   212
         Inner Flame       |       |       |     5 |    15 |       ||    20
         Kindle Blastspark |       |       |    10 |    12 |     1 ||    23
         Flame Wave        |       |       |     2 |    37 |    43 ||    82
         Stone Arrow       |       |       |       |    18 |   132 ||   150
  Evoke: Wand              |       |     3 |     9 |     5 |     2 ||    19
         Phial of floods   |       |       |       |     1 |     2 ||     3
    Use: Potion            |     1 |       |     3 |     2 |     3 ||     9
         Scroll            |       |     5 |     5 |    10 |    13 ||    33
   Stab: Sleeping          |       |     2 |       |     1 |     2 ||     5
         Paralysed         |       |       |       |     4 |     8 ||    12
 Armour: Skin              |     1 |     1 |     4 |    16 |    27 ||    49
  Dodge: Dodged            |    29 |    11 |    89 |   205 |   533 ||   867
  Block: Buckler           |       |       |       |       |    16 ||    16

Table legend: (Time is in decaauts)
 A = Elapsed time spent in this place.
 B = Non-inter-level travel time spent in this place.
 C = Inter-level travel time spent in this place.
 D = Time resting spent in this place.
 E = Time spent auto-exploring this place.
 F = Levels seen in this place.
 G = Mean time per level.
                   A        B        C        D        E       F      G
               +--------+--------+--------+--------+--------+-----+--------+
         Total |  24433 |  22693 |   1740 |   6796 |  11313 |  20 | 1221.7 |
       Dungeon |  17539 |  16297 |   1242 |   5100 |   8082 |  14 | 1252.8 |
          Lair |   6862 |   6364 |    498 |   1696 |   3231 |   5 | 1372.4 |
       Ossuary |     31 |     31 |      0 |      0 |      0 |   1 |   31.0 |
               +--------+--------+--------+--------+--------+-----+--------+

Top non-repeatable levels by time:
    D:13: 1892 daAuts
    D:10: 1767 daAuts
     D:8: 1732 daAuts
     D:7: 1663 daAuts
  Lair:2: 1657 daAuts
  Lair:4: 1644 daAuts
     D:4: 1565 daAuts
     D:5: 1365 daAuts
     D:2: 1343 daAuts
  Lair:5: 1340 daAuts
    D:11: 1228 daAuts
    D:12: 1190 daAuts
  Lair:1: 1149 daAuts
  Lair:3: 1070 daAuts
     D:1: 942 daAuts
